 Dungeon Crawl Stone Soup version 0.31-a0-1620-gcbf77bbcfc (webtiles) character file.

Game seed: 5148107533787199137

33038 theswoord the Cruncher (level 13, -5/106 HPs)
             Began as a Demonspawn Gladiator on Jan 11, 2024.
             Was the Champion of Jiyva.
             Killed from afar by a rime drake (9 damage)
             ... with an icy flash freeze
             ... on level 5 of the Lair of Beasts.
             The game lasted 00:30:43 (11340 turns).

theswoord the Cruncher (Demonspawn Gladiator)      Turns: 11340, Time: 00:30:44

Health: -5/106     AC: 16    Str: 18    XL:     13   Next: 34%
Magic:  22/22      EV: 15    Int:  9    God:    Jiyva [******]
Gold:   526        SH:  8    Dex: 16    Spells: 12/12 levels left

rFire   + + .        a - +0 quarterstaff
rCold   + + +        (shield currently unavailable)
rNeg    + . .        g - +3 scale mail of the Everdark {^Drain rF+ rN+}
rPois   .            k - +1 hat
rElec   +            (no cloak)
rCorr   +            s - +0 pair of gloves
SInv    .            w - +0 pair of boots {rampage}
Will    +++..        t - amulet of faith Stlth
                     m - ring of magical power
HPRegen 1.97/turn    o - ring of protection from fire
MPRegen 1.16/turn

%: rampage, faith
@: no status effects
A: horns 1, large bone plates 3, ignite blood 2, magic regeneration, no stealth,
no ice magic, no necromancy magic, no alchemy magic, cold resistance 3,
strong-willed 3, screaming 1, shaggy fur 1, electricity resistance, wild magic 2
a: Renounce Religion, Oozemancy, Slimify


You were on level 5 of the Lair of Beasts.
You worshipped Jiyva.
Jiyva was exalted by your worship.
You visited 2 branches of the dungeon, and saw 14 of its levels.
You also visited: Sewer.

You collected 526 gold pieces.

Inventory:

Hand Weapons
 a - a +0 quarterstaff (weapon)
Missiles
 e - 6 javelins
Armour
 b - a +0 leather armour
 c - a +1 helmet
 g - the +3 scale mail of the Everdark (worn) {^Drain rF+ rN+}
   (You found it on level 2 of the Dungeon)

   rF+:       It protects you from fire.
   rN+:       It protects you from negative energy.
   ^Drain:    It drains your maximum health when unequipped.
 j - a +2 pair of boots
 k - a +1 hat (worn)
 s - a +0 pair of gloves (worn)
 w - a +0 pair of boots of rampaging (worn)
 y - +0 acid dragon scales
Jewellery
 m - a ring of magical power (left hand)
 o - a ring of protection from fire (right hand)
 t - an amulet of faith (around neck)
Wands
 f - a wand of acid (2)
Scrolls
 l - a scroll of immolation
 n - 3 scrolls of fog
 q - a scroll of noise
 z - a scroll of brand weapon {unknown}
Potions
 d - a potion of brilliance
 h - 4 potions of cancellation
 i - 3 potions of attraction
 r - a potion of enlightenment {unknown}
 u - a potion of degeneration {unknown}
 x - 3 potions of mutation


   Skills:
 + Level 11.0 Fighting
 - Level 13.4 Staves
 - Level 1.7 Throwing
 + Level 9.7 Armour
 + Level 10.1 Dodging


You had 12 spell levels left.
You didn't know any spells.
Your spell library contained the following spells:

 Spells                   Type           Power      Damage    Failure   Level
 Inner Flame              Hex/Fire       0%         N/A       99%         3
 Flame Wave               Conj/Fire      0%         2d4       100%        4
 Fireball                 Conj/Fire      0%         3d3       100%        5
 Ignition                 Fire           0%         3d3       100%        8


Dungeon Overview and Level Annotations

Branches:
Dungeon (9/15)             Temple (0/1) D:7            Lair (5/5) D:8
 Shoals (0/4) Lair:2        Snake (0/4) Lair:2        Sewer (visited)
  Slime: Lair:4-5       Orc: D:9-12

Altars:
Makhleb
Nemelex Xobeh
Okawaru
Ru
Trog
Wu Jian
Yredelemnul

Annotations:
D:8 3 runed translucent doors, Tungsten's ghost, novice OpSh


Innate Abilities, Weirdness & Mutations

You have a pair of small horns on your head.
You are completely covered in large bone plates. (SH +8)
Your demonic aura often causes spilled blood to erupt in flames.
You regenerate magic rapidly.
You cannot be stealthy.
You cannot study or cast Ice magic.
You cannot study or cast Necromancy magic.
You cannot study or cast Alchemy magic.
Your flesh is almost immune to the effects of cold. (rC+++)
You are extremely strong-willed. (Will+++)
You occasionally shout uncontrollably at your foes.
You are covered in fur. (AC +1)
You are resistant to electric shocks. (rElec)
Your spells are harder to cast, but more powerful.


Message History

The basilisk gazes at you. You resist with almost no effort.
Your surroundings suddenly seem different.
A four-headed hydra, a rime drake and 2 death yaks come into view.
Found 13 gold pieces.
Found an escape hatch in the ceiling.
The four-headed hydra roars!
The rime drake hisses angrily.
The death yak bellows! x2; You hear a bellow!
A death yak comes into view. x3
The death yak moves out of view.
Okay, then.
Okay, then.
Okay, then.
You rampage towards the rime drake!
The ice encasing you melts away.
The death yak bellows! x2
You block the four-headed hydra's attack.
The four-headed hydra bites you but does no damage.
The four-headed hydra bites you.
* * * LOW HITPOINT WARNING * * *
The four-headed hydra bites you but does no damage.
The rime drake closely misses you. The rime drake barely misses you.
The death yak gores you!
* * * LOW HITPOINT WARNING * * *
You feel a bit more experienced. You block the rime drake's attack.
Your Fighting skill increases to level 11!
The death yak attacks as it pursues you!
The death yak gores you but does no damage.
The rime drake attacks as it pursues you!
The rime drake bites you.
* * * LOW HITPOINT WARNING * * *
The four-headed hydra attacks as it pursues you!
You block the four-headed hydra's attack.
The four-headed hydra closely misses you.
The four-headed hydra bites you but does no damage.
The four-headed hydra bites you!
* * * LOW HITPOINT WARNING * * *
There is an escape hatch in the ceiling, spattered with blood here.
The rime drake breathes ice at you. The icy flash freeze hits you!
You partially resist.
You die...

.. ......... ≈~~
.#..... ~...
#.....##
~...###....#.###
~....#.#YY..##.##
.........Y.....P#
........DY......##
.......@Y........#
.......☼k.......#
...............##
..............$#
...............#
...............#
...............#
...#............
#............P


You could see 5 death yaks, a four-headed hydra and a rime drake (catching
breath).

Vanquished Creatures
  Kirke (Lair:3)
  2 hydras
  A two-headed ogre (D:7)
  A skyshark (Lair:4)
  18 elephants
  2 black mambas
  14 cane toads
  A rime drake (Lair:4)
  3 komodo dragons
  A polar bear (Lair:3)
  A troll (D:7)
  3 merfolk (Lair:2)
  Grinder (D:4)
  Prince Ribbit (D:5)
  15 blink frogs
  A wyvern (Lair:1)
  Eustachio (D:4)
  35 yaks
  2 steam dragons (D:8)
  A hog (Lair:3)
  2 basilisks
  A vampire mosquito (D:8)
  3 nagas (Lair:2)
  Menkaure (D:5)
  2 acid dragons (D:8)
  9 water moccasins
  Duvessa (D:5)
  3 orc warriors
  An ice beast (D:8)
  A sky beast (D:7)
  2 black bears
  11 wolves
  4 centaurs (D:8)
  2 phantoms
  14 bullfrogs
  A gnoll sergeant (D:8)
  4 scorpions
  Dowan (D:5)
  3 wights
  5 killer bees (D:8)
  3 electric eels (D:8)
  3 howler monkeys
  5 hounds
  4 jellies
  A sleepcap (D:5)
  An orc priest (D:8)
  3 orc wizards
  An iguana (D:6)
  5 hell rats (Lair:2)
  6 gnolls
  9 adders
  2 river rats
  A shadow imp (D:7)
  A white imp (D:6)
  2 ufetubi (D:6)
  5 ribbon worms
  3 dart slugs
  15 orcs
  7 ball pythons
  4 bats
  9 endoplasms
  9 giant cockroaches
  10 goblins
  7 hobgoblins
  5 kobolds
  4 quokkas
  18 frilled lizards
  15 rats
334 creatures vanquished.

Vanquished Creatures (collateral kills)
  Gastronok (Lair:3)
  A harpy (Lair:5)
  A snapping turtle (Lair:5)
  A water moccasin (Lair:3)
4 creatures vanquished.

Vanquished Creatures (others)
  An unseen horror (D:7)
  A hornet (D:7)
  2 slime creatures
  A human (Lair:3)
  A sky beast (D:7)
  A bullfrog (D:8)
  33 jellies
  2 hounds (D:7)
  An orc priest (D:8)
  An orc wizard (D:8)
  A sleepcap (D:4)
  2 ufetubi (D:7)
  3 orcs
  2 endoplasms (Lair:5)
52 creatures vanquished.

Grand Total: 390 creatures vanquished

Notes
Turn   | Place    | Note
-------+----------+-------------------------------------------
     0 | D:1      | theswoord the Demonspawn Gladiator began the quest for the
                  | Orb.
     0 | D:1      | Reached XP level 1. HP: 16/16 MP: 1/1
    15 | D:1      | Found a faded altar of an unknown god.
    23 | D:1      | Prayed at the altar of an unknown god.
    23 | D:1      | Became a worshipper of Ru the Awakened
    46 | D:1      | Gained mutation: You cannot be stealthy. [Ru sacrifice]
    58 | D:1      | Reached skill level 3 in Staves
    96 | D:1      | Gained mutation: You regenerate magic rapidly. [demonic
                  | ancestry]
    96 | D:1      | Reached XP level 2. HP: 21/22 MP: 2/2
   761 | D:2      | Identified the +3 scale mail of the Everdark {^Drain rF+
                  | rN+}
  1093 | D:2      | Gained mutation: You are partially covered in large bone
                  | plates. (SH +4) [demonic ancestry]
  1093 | D:2      | Reached XP level 3. HP: 27/27 MP: 3/3
  1384 | D:2      | Reached skill level 4 in Staves
  1680 | D:3      | Reached XP level 4. HP: 30/33 MP: 4/4
  2098 | D:3      | Gained mutation: You cannot study or cast Ice magic. [Ru
                  | sacrifice]
  2098 | D:3      | Gained mutation: You cannot study or cast Alchemy magic.
                  | [Ru sacrifice]
  2098 | D:3      | Gained mutation: You cannot study or cast Necromancy magic.
                  | [Ru sacrifice]
  2098 | D:3      | Reached * piety under Ru
  2251 | D:4      | Noticed Grinder
  2272 | D:4      | Killed Grinder
  2273 | D:4      | Reached skill level 6 in Staves
  2273 | D:4      | Gained mutation: You are mostly covered in large bone
                  | plates. (SH +6) [demonic ancestry]
  2273 | D:4      | Reached XP level 5. HP: 17/38 MP: 5/5
  2273 | D:4      | Gained mutation: Your demonic aura sometimes causes spilled
                  | blood to erupt in flames. [demonic ancestry]
  2273 | D:4      | Reached XP level 6. HP: 20/44 MP: 6/6
  2350 | D:4      | Found a glowing drain.
  2354 | Sewer    | Entered a sewer
  2758 | Sewer    | Reached skill level 7 in Staves
  2827 | Sewer    | Found a viscous altar of Jiyva.
  2834 | Sewer    | Fell from the grace of Ru
  2835 | Sewer    | Became a worshipper of Jiyva Jauh the Shapeless
  3473 | D:4      | Noticed Eustachio
  3505 | D:4      | Killed Eustachio
  3506 | D:4      | Gained mutation: You have a pair of small horns on your
                  | head. [demonic ancestry]
  3506 | D:4      | Reached XP level 7. HP: 22/50 MP: 7/7
  3734 | D:4      | Reached skill level 8 in Staves
  3869 | D:5      | Entered Level 5 of the Dungeon
  3894 | D:5      | Reached * piety under Jiyva
  3900 | D:5      | Noticed a troll
  4081 | D:5      | Noticed Dowan
  4082 | D:5      | Noticed Duvessa
  4095 | D:5      | Killed Duvessa
  4096 | D:5      | Reached skill level 9 in Staves
  4096 | D:5      | Reached XP level 8. HP: 49/56 MP: 8/8
  4101 | D:5      | Killed Dowan
  4215 | D:5      | Found a basalt altar of Yredelemnul.
  4264 | D:5      | Found a sparkling altar of Nemelex Xobeh.
  4379 | D:5      | Noticed Prince Ribbit
  4390 | D:5      | Killed Prince Ribbit
  4562 | D:5      | Noticed Menkaure
  4580 | D:5      | Killed Menkaure
  4581 | D:5      | Reached skill level 10 in Staves
  4892 | D:6      | Reached ** piety under Jiyva
  5512 | D:7      | Reached skill level 11 in Staves
  5537 | D:7      | Reached XP level 9. HP: 55/61 MP: 9/9
  5641 | D:7      | Reached *** piety under Jiyva
  5652 | D:7      | Gained mutation: You are resistant to electric shocks.
                  | (rElec) [Jiyva's grace]
  5652 | D:7      | Gained mutation: You are covered in fur. (AC +1) [Jiyva's
                  | grace]
  5652 | D:7      | Gained mutation: You are covered in thick fur. (AC +2)
                  | [Jiyva's grace]
  5652 | D:7      | Gained mutation: Your thick and shaggy fur keeps you warm.
                  | (AC +3, rC+) [Jiyva's grace]
  5661 | D:7      | Found a burning altar of Makhleb.
  5698 | D:7      | Reached skill level 12 in Staves
  5830 | D:7      | Found a staircase to the Ecumenical Temple.
  5840 | D:7      | Found an iron altar of Okawaru.
  5932 | D:7      | Identified the staff "Sytsen" {*Slow Int+6 Earth}
  6093 | D:8      | Noticed a troll
  6167 | D:7      | Killed a troll
  6265 | D:8      | Found a staircase to the Lair.
  6283 | D:8      | Reached skill level 13 in Staves
  6313 | D:8      | Found a bloodstained altar of Trog.
  6323 | D:8      | Reached **** piety under Jiyva
  6465 | D:8      | Reached XP level 10. HP: 62/67 MP: 10/10
  6469 | D:8      | Noticed a two-headed ogre
  6604 | D:8      | Reached skill level 1 in Armour
  6800 | D:8      | Found a runed translucent gate.
  6800 | D:8      | Found a runed translucent gate.
  6800 | D:8      | Noticed a ten-headed hydra
  6815 | D:8      | Noticed a ten-headed hydra
  6819 | D:8      | Noticed a two-headed ogre
  6833 | D:7      | Paralysed by a hornet for 1 turns
  6868 | D:7      | Killed a two-headed ogre
  6933 | D:8      | Found a runed translucent gate.
  6935 | D:8      | Noticed Tungsten's ghost (novice OpSh)
  7015 | D:8      | Got the Directory of Conflagration
  7269 | D:9      | Noticed a two-headed ogre
  7276 | D:9      | Noticed a rakshasa
  7314 | Lair:1   | Entered Level 1 of the Lair of Beasts
  7314 | Lair:1   | Reached ***** piety under Jiyva
  7376 | Lair:1   | Reached skill level 5 in Fighting
  7376 | Lair:1   | Reached skill level 5 in Dodging
  7528 | Lair:1   | Gained mutation: You are strong-willed. (Will+) [Jiyva's
                  | grace]
  7528 | Lair:1   | Gained mutation: You are highly strong-willed. (Will++)
                  | [Jiyva's grace]
  7528 | Lair:1   | Gained mutation: You are extremely strong-willed. (Will+++)
                  | [Jiyva's grace]
  7528 | Lair:1   | Gained mutation: Your body has grown eyes which may confuse
                  | attackers. (Acc +3) [Jiyva's grace]
  7645 | Lair:1   | Noticed a cane toad
  7660 | Lair:1   | Killed a cane toad
  7661 | Lair:1   | Gained mutation: Your demonic aura often causes spilled
                  | blood to erupt in flames. [demonic ancestry]
  7661 | Lair:1   | Reached XP level 11. HP: 29/80 MP: 11/11
  8207 | Lair:2   | Reached skill level 5 in Armour
  8714 | Lair:2   | Found a staircase to the Snake Pit.
  9086 | Lair:2   | Found a staircase to the Shoals.
  9270 | Lair:3   | Reached ****** piety under Jiyva
  9270 | Lair:3   | Noticed Kirke
  9346 | Lair:3   | Killed Kirke
  9347 | Lair:3   | Reached XP level 12. HP: 82/93 MP: 12/12
  9409 | Lair:3   | Lost mutation: You are extremely strong-willed. (Will+++)
                  | [Jiyva's grace]
  9409 | Lair:3   | Lost mutation: Your thick and shaggy fur keeps you warm.
                  | (AC +3, rC+) [Jiyva's grace]
  9409 | Lair:3   | Gained mutation: Your melee attacks may engulf your foes in
                  | ooze. [Jiyva's grace]
  9409 | Lair:3   | Gained mutation: Your flesh is cold resistant. (rC+)
                  | [Jiyva's grace]
  9409 | Lair:3   | Gained mutation: Your flesh is very cold resistant. (rC++)
                  | [Jiyva's grace]
  9409 | Lair:3   | Gained mutation: Your flesh is almost immune to the effects
                  | of cold. (rC+++) [Jiyva's grace]
  9656 | Lair:3   | Noticed Gastronok
  9683 | Lair:3   | Killed Gastronok
  9884 | Lair:3   | Noticed a five-headed hydra
  9892 | Lair:3   | Killed a five-headed hydra
 10274 | Lair:4   | Reached skill level 10 in Fighting
 10414 | Lair:4   | Noticed a five-headed hydra
 10420 | Lair:4   | Killed a five-headed hydra
 10421 | Lair:4   | Reached XP level 13. HP: 86/103 MP: 13/13
 10563 | Lair:4   | Lost mutation: You are covered in thick fur. (AC +2)
                  | [potion of mutation]
 10563 | Lair:4   | Lost mutation: Your body has grown eyes which may confuse
                  | attackers. (Acc +3) [potion of mutation]
 10563 | Lair:4   | Gained mutation: You occasionally shout uncontrollably at
                  | your foes. [potion of mutation]
 10715 | Lair:4   | Found an ornate altar of the Wu Jian Council.
 10740 | Lair:4   | Lost mutation: Your melee attacks may engulf your foes in
                  | ooze. [Jiyva's grace]
 10740 | Lair:4   | Gained mutation: You are extremely strong-willed. (Will+++)
                  | [Jiyva's grace]
 10740 | Lair:4   | Gained mutation: You are completely covered in large bone
                  | plates. (SH +8) [Jiyva's grace]
 10740 | Lair:4   | Gained mutation: Your spells are a little harder to cast,
                  | but a little more powerful. [Jiyva's grace]
 10740 | Lair:4   | Gained mutation: Your spells are harder to cast, but more
                  | powerful. [Jiyva's grace]
 10778 | Lair:4   | Reached skill level 10 in Dodging
 11262 | Lair:5   | Entered Level 5 of the Lair of Beasts
 11330 | Lair:5   | HP: 3/105 [rime drake/icy flash freeze (19)]
 11339 | Lair:5   | HP: 2/106 [four-headed hydra (7)]
 11340 | Lair:5   | Killed from afar by a rime drake

Skill      XL: |  1  2  3  4  5  6  7  8  9 10 11 12 13 |
---------------+----------------------------------------+-----
Staves         | 3 4 6 7 9 11 13 | 13.4
Armour         | 4 7 9 |  9.7
Dodging        | 5 7 9 10 | 10.1
Fighting       | 5 8 10 11 | 11.0
Throwing       | |  1.7

Action                     |  1- 3 |  4- 6 |  7- 9 | 10-12 | 13-15 || total
---------------------------+-------+-------+-------+-------+-------++-------
  Melee: Quarterstaff      |   108 |   271 |   323 |   705 |   170 ||  1577
         Headbutt          |       |       |    76 |   211 |    50 ||   337
  Throw: Throwing net      |     1 |     3 |     1 |       |       ||     5
 Invoke: Sacrifice Stealth |     1 |       |       |       |       ||     1
         Sacrifice Arcana  |       |     1 |       |       |       ||     1
         Renounce Religion |       |     1 |       |       |       ||     1
         Slimify           |       |       |       |       |     1 ||     1
    Use: Scroll            |     5 |     3 |     4 |     7 |     1 ||    20
         Potion            |       |     3 |     3 |     4 |     4 ||    14
   Stab: Invisible         |       |     1 |       |     2 |       ||     3
         Held in net/web   |       |       |     1 |       |       ||     1
         Confused          |       |       |       |     4 |       ||     4
 Armour: Leather armour    |    22 |       |       |       |       ||    22
         Scale mail        |    36 |   151 |   251 |   540 |   115 ||  1093
  Dodge: Dodged            |    49 |   145 |   149 |   272 |   113 ||   728
  Block: Other             |    12 |    65 |    78 |   177 |    58 ||   390

Levels and vault maps discovered:
D:1:      saegor_arrival_simple_c, layout_basic, ebering_ecumenical_altar_mist,
          chequers_serial_rivers_micro_a
D:2:      layout_basic, st_stairs_13
D:3:      layout_basic, minmay_lizard_king
D:4:      layout_loops_ring, lightli_sewer_entry_pipes, grunt_ministairs_6,
          uniq_eustachio, uniq_grinder
D:5:      layout_loops_ring, nicolae_overflow_hidden_temple,
          mainiacjoe_overflow_catch_the_wave, uniq_prince_ribbit1, uniq_duvessa,
          uniq_menkaure
D:6:      layout_basic, lemuel_tele_altar
D:7:      layout_cave_pools, lemuel_doored_altar, mainiacjoe_overflow_alcove_4,
          minmay_temple_entry_mist
D:8:      layout_cave_pools, mainiacjoe_overflow_boulevard, erik_lair_island,
          gammafunk_ghost_hydra_chop, minmay_pinched_square
D:9:      layout_cross, mainiacjoe_overflow_small_starburst
Lair:1:   layout_loops_ring
Lair:2:   layout_roguey, mainiacjoe_shoals_entry_four_pools,
          nicolae_snake_entry_squirm
Lair:3:   layout_regular_city, st_stairs_7, grunt_megastairs_4, uniq_gastronok,
          uniq_kirke
Lair:4:   layout_regular_city, basic_altar
Lair:5:   gammafunk_lair_ancient_temple, layout_small_grid, slime_entry_2,
          lookout_lair_type, nicolae_lair_yak_garden
